 Dungeon Crawl Stone Soup version 0.30-a0-782-ge64f9170bb (webtiles) character file.

Game seed: 6551769437475243365

144 mopl the Trooper (level 5, 0/42 HPs)
             Began as a Demonspawn Fighter on Mar 9, 2023.
             Slain by Natasha (3 damage)
             ... on level 2 of the Dungeon.
             The game lasted 00:01:41 (1413 turns).

mopl the Trooper (Demonspawn Fighter)               Turns: 1413, Time: 00:01:42

Health: 0/42       AC:  8    Str: 19    XL:     5   Next: 5%
Magic:  5/5        EV:  9    Int:  9    God:
Gold:   127        SH:  8    Dex: 12    Spells: 4/4 levels left

rFire   . . .      SeeInvis .    a - +0 war axe
rCold   . . .      Faith    .    c - +0 buckler
rNeg    . . .      Spirit   .    b - +0 scale mail
rPois   +          Reflect  .    (no helmet)
rElec   .          Harm     .    e - +0 cloak
rCorr   .          Rampage  .    (no gloves)
Will    .....                    (no boots) Stlth
                                 (no amulet)
HPRegen 0.27/turn                o - ring of poison resistance
MPRegen 0.09/turn                (no ring)

@: slowed, very slow
A: foul stench 1, condensation shield
a: no special abilities


You were on level 2 of the Dungeon.
You visited 1 branch of the dungeon, and saw 2 of its levels.

You collected 127 gold pieces.

Inventory:

Hand Weapons
 a - a +0 war axe (weapon)
Missiles
 j - 11 poisoned darts (quivered)
Armour
 b - a +0 scale mail (worn)
 c - a +0 buckler (worn)
 e - a +0 cloak (worn)
Jewellery
 o - a ring of poison resistance (left hand)
Scrolls
 f - 4 scrolls of teleportation {unknown}
 g - a scroll of noise {unknown}
 h - 2 scrolls of identify {unknown}
 m - a scroll of enchant armour {unknown}
Potions
 d - a potion of might
 i - a potion of attraction {unknown}
 k - 3 potions of mutation {unknown}
 l - 2 potions of flight {unknown}
 n - 3 potions of brilliance {unknown}


   Skills:
 + Level 3.6 Fighting
 * Level 3.3 Axes
 + Level 3.3 Armour
 + Level 1.6 Dodging
 - Level 2.6 Shields


You had 4 spell levels left.
You didn't know any spells.
Your spell library contained the following spells:

 Spells                   Type           Power      Damage    Failure   Level
 Summon Small Mammal      Summ           0%         N/A       85%         1
 Blink                    Tloc           0%         N/A       94%         2
 Lesser Beckoning         Tloc           0%         N/A       94%         2
 Momentum Strike          Conj/Tloc      0%         3d8       94%         2
 Call Canine Familiar     Summ           0%         N/A       99%         3
 Summon Guardian Golem    Hex/Summ       0%         N/A       99%         3


Dungeon Overview and Level Annotations

Branches:
Dungeon (2/15)

Altars:

Annotations:
D:2 Natasha


Innate Abilities, Weirdness & Mutations

You may rarely emit foul miasma when damaged in melee.
A meltable shield of frost defends you. (SH +4)


Message History

Natasha is moderately wounded.
You slash the white imp!
You kill the white imp!
The white imp disappears in a puff of smoke!
You closely miss the shadow imp. The shadow imp barely misses you.
You block Natasha's attack. The shadow imp hits you. Natasha barely misses you.
You slash Natasha!
Natasha is severely wounded.
You barely miss the shadow imp. The shadow imp barely misses you.
You block Natasha's attack. The shadow imp hits you.
You emit a cloud of foul miasma!
You hit Natasha.
Natasha is almost dead.
You hit the shadow imp. You block Natasha's attack.
The shadow imp barely misses you. Natasha claws you but does no damage.
The shadow imp hits you but does no damage.
Natasha casts a spell at you.
You feel as though you will be slow longer.
The shadow imp completely misses you.
You barely miss Natasha.
Natasha is almost dead.
You closely miss the shadow imp. You block Natasha's attack.
The shadow imp gestures at you. Pain shoots through your body!
Natasha claws you!
* * * LOW HITPOINT WARNING * * *
The shadow imp misses you.
You hit Natasha but do no damage.
Natasha is almost dead.
You hit the shadow imp but do no damage.
Natasha stares at you and mumbles some strange words.
You feel as though you will be slow longer.
The shadow imp hits you but does no damage.
Natasha claws you.
* * * LOW HITPOINT WARNING * * *
The shadow imp hits you.
* * * LOW HITPOINT WARNING * * *
You barely miss Natasha.
Natasha is almost dead.
You closely miss the shadow imp. Natasha claws you.
You die...

#...#.#..........# #.#.##.
#...#<#..##......# #.#.##.
#...###..#.###.### #.#.##.
#...# #.....#..########.#.##.
#...# #..#..#...........#.##.
#...####..##..............##.
#.....(..........###########.
#...........h............# #.
#.(........5@....#######'###.
############.#.### #.........
#...............# #.........
+...............# #........#
#
#...............####........#
#
#............................
##
#.†.............######.......
.####.###############
#....... ..#...# #.......


You could see Natasha and a shadow imp (summoned).

Vanquished Creatures
  Jessica (D:2)
  Natasha (twice) (D:2)
  A gnoll (D:1)
  An adder (D:2)
  2 dart slugs (D:1)
  4 endoplasms
  2 giant cockroaches (D:1)
  2 goblins
  3 hobgoblins
  4 jackals
  4 quokkas
  4 ball pythons
  4 bats
  5 frilled lizards (D:1)
  2 kobolds
  6 rats
47 creatures vanquished.

Notes
Turn   | Place    | Note
-------+----------+-------------------------------------------
     0 | D:1      | mopl the Demonspawn Fighter began the quest for the Orb.
     0 | D:1      | Reached XP level 1. HP: 18/18 MP: 1/1
   159 | D:1      | Reached skill level 2 in Axes
   208 | D:1      | Gained mutation: You may rarely emit foul miasma when
                  | damaged in melee. [demonic ancestry]
   208 | D:1      | Reached XP level 2. HP: 21/24 MP: 2/2
   349 | D:1      | Reached XP level 3. HP: 16/29 MP: 3/3
   372 | D:1      | Reached skill level 3 in Armour
   453 | D:1      | Reached skill level 1 in Dodging
   804 | D:2      | Noticed Jessica
   810 | D:2      | Killed Jessica
   811 | D:2      | Reached XP level 4. HP: 18/35 MP: 4/4
  1003 | D:2      | Reached skill level 3 in Axes
  1286 | D:2      | Noticed Natasha
  1295 | D:2      | Killed Natasha
  1361 | D:2      | Noticed Natasha
  1369 | D:2      | Killed Natasha
  1370 | D:2      | Gained mutation: A meltable shield of frost defends you.
                  | (SH +4) [demonic ancestry]
  1370 | D:2      | Reached XP level 5. HP: 31/42 MP: 5/5
  1397 | D:2      | Noticed Natasha
  1412 | D:2      | HP: 2/42 [shadow imp[Natasha] (5)]
  1413 | D:2      | Slain by Natasha

Illustrated notes

Levels and vault maps discovered:
D:1:      matt_arrival_refuge, layout_rooms, hangedman_decor_points
D:2:      layout_basic, serial_curves, eino_curves_04, eino_curves_03,
          amcnicky_mini_pool_small, minmay_misc_feat_square, uniq_jessica,
          uniq_natasha

Skill      XL: |  1  2  3  4 |
---------------+-------------+-----
Axes           | 2 3 |  3.3
Armour         | 3 |  3.3
Dodging        | 1 |  1.6
Fighting       | |  3.6
Shields        | |  2.6

Action                     |  1- 3 |  4- 6 || total
---------------------------+-------+-------++-------
  Melee: War axe           |    93 |    46 ||   139
 Armour: Scale mail        |    64 |    28 ||    92
  Dodge: Dodged            |    40 |    29 ||    69
  Block: Buckler           |    15 |    17 ||    32

Table legend: (Time is in decaauts)
 A = Elapsed time spent in this place.
 B = Non-inter-level travel time spent in this place.
 C = Inter-level travel time spent in this place.
 D = Time resting spent in this place.
 E = Time spent auto-exploring this place.
 F = Levels seen in this place.
 G = Mean time per level.
                   A        B        C        D        E       F      G
               +--------+--------+--------+--------+--------+-----+--------+
         Total |   1479 |   1472 |      7 |      0 |   1098 |   2 |  739.5 |
       Dungeon |   1479 |   1472 |      7 |      0 |   1098 |   2 |  739.5 |
               +--------+--------+--------+--------+--------+-----+--------+

Top non-repeatable levels by time:
     D:2: 828 daAuts
     D:1: 650 daAuts
